 Dungeon Crawl Stone Soup version 0.28.0-45-g0d030f2227 (webtiles) character file.

Game seed: 12059888663007432827

114 NinjaNoafa the Stinger (level 4, -4/33 HPs)
             Began as a Draconian Venom Mage on Apr 17, 2022.
             Asphyxiated
             ... on level 2 of the Dungeon.
             The game lasted 00:06:55 (2007 turns).

NinjaNoafa the Stinger (Draconian Venom Mage)       Turns: 2007, Time: 00:06:56

Health: -4/33      AC:  9    Str: 10    XL:     4   Next: 66%
Magic:  7/7        EV: 13    Int: 17    God:
Gold:   40         SH:  0    Dex: 18    Spells: 7/8 levels left

rFire   . . .      SeeInvis .   k - +2 dagger (holy)
rCold   . . .      Faith    .   (no shield)
rNeg    . . .      Spirit   .   (armour unavailable)
rPois   .          Reflect  .   (helmet restricted)
rElec   .          Harm     .   (no cloak)
rCorr   .          Rampage  .   e - +2 pair of gloves
Will    .....                   g - +0 pair of boots
Stlth   ++........              (no amulet)
HPRegen 0.11/turn               h - +6 ring of dexterity
MPRegen 0.10/turn               (no ring)

@: lethally poisoned (-4 -> -31), flying, slowed, very slow
A: AC +5, unfitting armour, cold-blooded
a: no special abilities


You were on level 2 of the Dungeon.
You visited 1 branch of the dungeon, and saw 2 of its levels.

You collected 40 gold pieces.

Inventory:

Hand Weapons
 a - a +0 quarterstaff
 b - a +0 hunting sling
 f - a +1 dagger of freezing
 k - a +2 dagger of holy wrath (weapon)
Missiles
 l - 14 stones
Armour
 d - a +0 pair of gloves
 e - a +2 pair of gloves (worn)
 g - a +0 pair of boots (worn)
Jewellery
 h - a +6 ring of dexterity (left hand)
Scrolls
 c - a scroll of immolation {unknown}
 i - a scroll of fear {unknown}


   Skills:
 + Level 2.4 Dodging
 + Level 2.6 Stealth
 + Level 2.6 Spellcasting
 + Level 2.0 Transmutations
 + Level 1.1 Air Magic
 + Level 3.5 Poison Magic


You had 7 spell levels left.
You knew the following spells:

 Your Spells              Type           Power      Damage    Failure   Level
a - Sting                 Tmut/Pois      44%        1d5       6%          1

Your spell library contained the following spells:

 Spells                   Type           Power      Damage    Failure   Level
 Poisonous Vapours        Pois/Air       20%        N/A       11%         2
 Passwall                 Tmut/Erth      4%         N/A       19%         2
 Ensorcelled Hibernation  Hex/Ice        4%         N/A       28%         2
 Mephitic Cloud           Conj/Pois/Air  7%         N/A       28%         3
 Swiftness                Air            5%         N/A       34%         3
 Olgreb's Toxic Radiance  Pois           14%        N/A       38%         4


Dungeon Overview and Level Annotations

Branches:
Dungeon (2/15)

Altars:


Innate Abilities, Weirdness & Mutations

Your plain brown scales are hard. (AC +5)
You cannot fit into any form of body armour.
You are cold-blooded and may be slowed by cold attacks.


Message History

The sting misses the adder.
The adder bites you but does no damage. x2
You hit the adder.
You kill the adder!
Your magical contamination has completely faded away.
There is a stone staircase leading down here.
A bat comes into view.
The bat closely misses you.
You hit the bat.
The bat is moderately wounded.
The bat hits you but does no damage. The bat barely misses you.
You closely miss the bat. You tail-slap the bat.
You kill the bat!
You see here a bat corpse.
There is an open door here.
The hobgoblin shouts!
The hobgoblin throws a curare-tipped dart.
The curare-tipped dart hits you.
You are poisoned.
You have difficulty breathing.
You feel yourself slow down.
You feel very sick.
The hobgoblin throws a curare-tipped dart.
The curare-tipped dart completely misses you.
The hobgoblin throws a curare-tipped dart.
The curare-tipped dart barely misses you.
You feel very sick.
The hobgoblin throws a curare-tipped dart.
The curare-tipped dart hits you.
You are lethally poisoned!
You have difficulty breathing.
You feel as though you will be slow longer.
It was a potion of flight.
You feel very buoyant.
You fly up into the air.
* * * LOW HITPOINT WARNING * * *
You feel very sick.
The hobgoblin throws a curare-tipped dart.
The curare-tipped dart hits you.
You are more poisoned.
You have difficulty breathing.
You die...

.....# ... #..#..# ...
###.#..# #.# #.......
#.# #.#....# #.
######### #.#....# ..
##.......# #.#....#
###........######.#....#
...........'...†.......#
#...g..@...######.#....#
########......# #.#....#
##≈≈≈≈≈≈###....#
#.#.#..#
##≈≈....≈≈≈##...#
#.#.#..#
#≈≈.......≈≈#####
#.#.#.>.
#####≈....8....≈≈#
#.#.##.#
....'...........≈##
#.#.##.#
#####≈....).....≈≈#
#.#.##.# #
#≈.....8.....≈# #.......


You could see a hobgoblin.

Vanquished Creatures
  Natasha (twice) (D:2)
  A gnoll (D:1)
  2 adders (D:2)
  A worm (D:2)
  A dart slug (D:2)
  5 endoplasms
  A giant cockroach (D:1)
  A hobgoblin (D:2)
  2 jackals (D:1)
  2 quokkas (D:1)
  5 ball pythons
  4 bats
  2 goblins
  2 kobolds
  2 rats (D:1)
33 creatures vanquished.

Notes
Turn   | Place    | Note
-------+----------+-------------------------------------------
     0 | D:1      | NinjaNoafa the Draconian Venom Mage began the quest for the
                  | Orb.
     0 | D:1      | Reached XP level 1. HP: 14/14 MP: 3/3
   225 | D:1      | Reached XP level 2. HP: 20/20 MP: 3/5
   758 | D:1      | Found a faded altar of an unknown god.
   989 | D:1      | Reached XP level 3. HP: 26/26 MP: 3/6
  1138 | D:2      | Noticed Natasha
  1147 | D:2      | Killed Natasha
  1443 | D:2      | Reached XP level 4. HP: 33/33 MP: 5/7
  1444 | D:2      | Noticed Natasha
  1454 | D:2      | Killed Natasha
  1694 | D:2      | Reached skill level 1 in Air Magic
  2007 | D:2      | Asphyxiated

Illustrated notes

Levels and vault maps discovered:
D:1:      amcnicky_arrival_feature_with_door, layout_rooms,
          chequers_ecumenical_altar_grove
D:2:      layout_basic, kennysheep_potato, uniq_natasha

Skill      XL: |  1  2  3  4 |
---------------+-------------+-----
Stealth        | 2 |  2.6
Dodging        | 2 |  2.4
Transmutations | 2 |  2.0
Air Magic      | 1 |  1.1
Spellcasting   | |  2.6
Poison Magic   | |  3.5

Action                   |  1- 3 |  4- 6 || total
-------------------------+-------+-------++-------
Melee: Quarterstaff      |    26 |       ||    26
       Tailslap          |     5 |     1 ||     6
       Dagger            |     3 |     6 ||     9
 Cast: Sting             |    42 |    13 ||    55
  Use: Potion            |       |     1 ||     1
 Stab: Sleeping          |     1 |       ||     1
Armor: Skin              |    29 |     7 ||    36
Dodge: Dodged            |    52 |    13 ||    65
